 Dungeon Crawl Stone Soup version 0.30-a0-556-g0a0f5a245f (webtiles) character file.

Game seed: 11668826833648041085

60 Bnni the Vexing (level 4, -2/33 HPs)
             Began as a Formicid Hexslinger on Dec 27, 2022.
             Slain by an orc priest
             ... wielding a +0 short sword
              (5 damage)
             ... on level 2 of the Dungeon.
             The game lasted 00:02:35 (1396 turns).

Bnni the Vexing (Formicid Hexslinger)               Turns: 1396, Time: 00:02:36

Health: -2/33      AC:  2    Str: 14    XL:     4   Next: 24%
Magic:  13/15      EV: 11    Int: 21    God:
Gold:   55         SH:  4    Dex: 14    Spells: 2/6 levels left

rFire   . . .      SeeInvis +    a - +1 sling
rCold   . . .      Faith    .    f - +0 buckler
rNeg    . . .      Spirit   .    c - +0 robe
rPois   .          Reflect  .    (helmet unavailable)
rElec   .          Harm     .    (no cloak)
rCorr   .          Rampage  .    (no gloves)
Will    .....                    (no boots)
Stlth   +                        (no amulet)
HPRegen 0.25/turn                m - +6 ring of intelligence
MPRegen 0.14/turn                l - ring of magical power

@: attractive
A: permanent stasis, dig shafts and tunnels, antennae 3, four strong arms
a: Dig, Shaft Self


You were on level 2 of the Dungeon.
You visited 1 branch of the dungeon, and saw 3 of its levels.

You collected 55 gold pieces.

Inventory:

Hand Weapons
 a - a +1 sling (weapon)
Armour
 c - a +0 robe (worn)
 f - a +0 buckler (worn)
Jewellery
 k - a ring of positive energy
 l - a ring of magical power (right hand)
 m - a +6 ring of intelligence (left hand)
Scrolls
 b - 2 scrolls of poison
 e - 2 scrolls of noise {unknown}
 n - a scroll of immolation {unknown}
 p - a scroll of blinking {unknown}
 q - a scroll of fear {unknown}
Potions
 d - a potion of curing {unknown}
 g - a potion of lignification
 i - a potion of might
 j - 3 potions of attraction
 o - 2 potions of brilliance
 r - a potion of degeneration {unknown}


   Skills:
 + Level 1.6 Fighting
 * Level 2.7 Ranged Weapons
 - Level 1.7 Dodging
 + Level 1.4 Shields
 + Level 1.5 Spellcasting
 * Level 4.3 Hexes
 + Level 0.8 Fire Magic


You had 2 spell levels left.
You knew the following spells:

 Your Spells              Type           Power      Damage    Failure   Level
a - Slow                  Hex            76%        N/A       3%          1
b - Inner Flame           Hex/Fire       12%        N/A       21%         3

Your spell library contained the following spells:

 Spells                   Type           Power      Damage    Failure   Level
 Portal Projectile        Hex/Tloc       20%        N/A       24%         3
 Cause Fear               Hex            9%         N/A       32%         4


Dungeon Overview and Level Annotations

Branches:
Dungeon (3/15)

Altars:


Innate Abilities, Weirdness & Mutations

You cannot be hasted, slowed, berserked, paralysed or teleported.
You can dig through walls and to a lower floor.
You have a pair of large antennae on your head. (SInv)
Your four strong arms can wield two-handed weapons with a shield.


Message History

Confirm with . or Enter, or press ? or * to list all spells.
Aiming: Slow (safe; 3% risk of failure)
Press: ? - help, Shift-Dir - straight line, f/p - orc priest
Aim: an orc priest, wielding a +0 short sword and wearing a +0 ring mail (chance to affect: 51%)
The orc priest resists with significant effort.
The orc priest shouts!
You hear a shout!
You hear an angry hiss.
The orc priest invokes the aid of Beogh against you.
Beogh smites you!
The orc shouts!
You climb upwards.
There is a stone staircase leading down here.
Casting: Slow (safe; 3% risk of failure)
Confirm with . or Enter, or press ? or * to list all spells.
Aiming: Slow (safe; 3% risk of failure)
Press: ? - help, Shift-Dir - straight line, f - orc priest
Aim: an orc priest, wielding a +0 short sword and wearing a +0 ring mail (chance to affect: 51%)
The orc priest seems to slow down.
You shoot a sling bullet. The sling bullet hits the orc priest.
The orc priest is lightly wounded.
The orc priest hits you with a +0 short sword.
You shoot a sling bullet.
The sling bullet hits the orc priest but does no damage.
The orc priest is lightly wounded.
The orc priest calls down the wrath of Beogh upon you.
Pain shoots through your body!
* * * LOW HITPOINT WARNING * * *
You are too injured to fight recklessly!
You shoot a sling bullet.
The sling bullet hits the orc priest but does no damage.
The orc priest is lightly wounded.
The orc priest hits you with a +0 short sword.
* * * LOW HITPOINT WARNING * * *
You shoot a sling bullet. The sling bullet hits the orc priest!
The orc priest is heavily wounded.
The orc priest hits you with a +0 short sword.
* * * LOW HITPOINT WARNING * * *
It was a potion of attraction.
You feel attractive to monsters.
The orc priest hits you with a +0 short sword.
You die...

.........# #..)..######....
#.######## #.............#. #.#
#...#..)..#####. #.#
#######...#...÷..##### #.##
#....##...##...#÷##... #..###
#....######........... #....#
#>...###.)....÷....... #.)..##
##...o....##.#.........
###...##
##...#.@...#..##........
##...###...##.....#.###.###...#
##...⌠...##............# ###.<
##.._..##.......#.###.# ####
##...###..##..##.# #.####...
#...# #.##...#..# #........
#.).# #.#..#...## ####....[
#÷..###...####.# #.....
#...##...## #########.....


You could see an orc priest (slow).

Vanquished Creatures
  A worm (D:2)
  2 dart slugs
  7 bats
  5 endoplasms
  4 giant cockroaches
  5 goblins
  2 hobgoblins
  4 quokkas
  7 ball pythons
  3 frilled lizards
  4 kobolds
  4 rats
48 creatures vanquished.

Vanquished Creatures (others)
  A plant (D:1)
1 creature vanquished.

Grand Total: 49 creatures vanquished

Notes
Turn   | Place    | Note
-------+----------+-------------------------------------------
     0 | D:1      | Bnni the Formicid Hexslinger began the quest for the Orb.
     0 | D:1      | Reached XP level 1. HP: 15/15 MP: 2/2
   197 | D:1      | Reached XP level 2. HP: 21/21 MP: 3/3
   413 | D:1      | Reached skill level 4 in Hexes
   460 | D:1      | Reached XP level 3. HP: 26/26 MP: 5/5
   464 | D:1      | Learned a level 3 spell: Inner Flame
   935 | D:2      | Reached skill level 1 in Shields
  1119 | D:2      | Reached XP level 4. HP: 32/32 MP: 6/6
  1119 | D:2      | Found a faded altar of an unknown god.
  1396 | D:2      | Slain by an orc priest

Illustrated notes

Levels and vault maps discovered:
D:1:      dpeg_chamrin_arrival_tetris, layout_basic, serial_bayou_ford_a
D:2:      layout_rooms, hellmonk_ecumenical_altar_crossroads
D:3:      layout_rooms, serial_shops, shop, kennysheep_pointless_box

Skill      XL: |  1  2  3 |
---------------+----------+-----
Hexes          | 4 |  4.3
Shields        | 1 |  1.4
Fighting       | |  1.6
Ranged Weapons | |  2.7
Dodging        | |  1.7
Spellcasting   | |  1.5
Fire Magic     | |  0.8

Action                   |  1- 3 |  4- 6 || total
-------------------------+-------+-------++-------
 Fire: Sling             |   138 |    31 ||   169
 Cast: Slow              |     4 |     3 ||     7
  Use: Scroll            |       |     3 ||     3
       Potion            |       |     1 ||     1
Armor: Robe              |    20 |     2 ||    22
Dodge: Dodged            |    61 |     6 ||    67
Block: Buckler           |    25 |       ||    25

Table legend: (Time is in decaauts)
 A = Elapsed time spent in this place.
 B = Non-inter-level travel time spent in this place.
 C = Inter-level travel time spent in this place.
 D = Time resting spent in this place.
 E = Time spent auto-exploring this place.
 F = Levels seen in this place.
 G = Mean time per level.
                   A        B        C        D        E       F      G
               +--------+--------+--------+--------+--------+-----+--------+
         Total |   1457 |   1391 |     66 |      0 |   1051 |   3 |  485.7 |
       Dungeon |   1457 |   1391 |     66 |      0 |   1051 |   3 |  485.7 |
               +--------+--------+--------+--------+--------+-----+--------+

Top non-repeatable levels by time:
     D:1: 855 daAuts
     D:2: 597 daAuts
     D:3: 3 daAuts
